 Dungeon Crawl Stone Soup version 0.32-a0-12-g7fc57aa741 (webtiles) character file.

Game seed: 10212869350606916319

4204 bmb222 the Mimic (level 10, 0/61 HPs)
             Began as an Octopode Shapeshifter on Jan 14, 2024.
             Was a Follower of Hepliaklqana.
             Slain by a +2 spectral quarterstaff (7 damage)
             ... created by Joseph
             ... on level 9 of the Dungeon.
             The game lasted 00:13:36 (9794 turns).

bmb222 the Mimic (Octopode Shapeshifter)            Turns: 9794, Time: 00:13:37

Health: 0/61       AC:  1    Str: 15    XL:     10   Next: 29%
Magic:  10/10      EV: 20    Int: 12    God:    Hepliaklqana [*.....]
Gold:   402        SH:  0    Dex: 15    Spells: 9/9 levels left

rFire   . .          .
                       - Unarmed
rCold   . . .        (shield currently unavailable)
rNeg    . . .        (helmet restricted)
rPois   .            (no amulet)
rElec   .            o - ring of see invisible
rCorr   .            (no ring)
SInv    +            (no ring)
Will    .....        (no ring)
Stlth   ++           (no ring)
HPRegen 0.30/turn    (no ring)
MPRegen 0.12/turn    (no ring)
                     (no ring)

%: no passive effects
@: flux-form, glowing
A: glow, contaminating, reduced essence, almost no armour, amphibious, 8 rings,
camouflage 1, gelatinous body 1, (nimble swimmer 1), tentacles
a: Begin Untransformation, Renounce Religion, Recall Ancestor, Ancestor Identity


You were on level 9 of the Dungeon.
You worshipped Hepliaklqana.
Hepliaklqana was aware of your devotion.
You were something dangerously unstable.
You visited 2 branches of the dungeon, and saw 10 of its levels.

You collected 510 gold pieces.
You spent 108 gold pieces at shops.

Inventory:

Missiles
 q - 3 boomerangs
 r - 3 silver javelins (quivered)
 y - 2 poisoned darts
 A - a curare-tipped dart
Magical Staves
 e - a staff of alchemy
Jewellery
 o - a ring of see invisible (left tentacle)
Talismans
 b - a beast talisman
 c - a flux talisman (active)
 j - a maw talisman
Wands
 k - a wand of quicksilver (6)
 w - a wand of charming (13)
 z - a wand of mindburst (10)
Scrolls
 d - 2 scrolls of immolation
 f - 3 scrolls of poison
 i - a scroll of enchant armour
 m - a scroll of brand weapon
 n - 2 scrolls of torment
 p - 3 scrolls of teleportation
 s - a scroll of identify
 u - 2 scrolls of vulnerability
 x - a scroll of fog {unknown}
Potions
 a - a potion of lignification
 g - 2 potions of heal wounds
 h - a potion of cancellation {unknown}
 l - a potion of magic {unknown}
 t - 2 potions of resistance {unknown}
 v - 2 potions of brilliance
 B - 2 potions of degeneration {unknown}


   Skills:
 + Level 6.2 Fighting
 + Level 6.5 Dodging
 - Level 6.6 Stealth
 + Level 6.9 Unarmed Combat
 * Level 8.5 Shapeshifting


You had 9 spell levels left.
You didn't know any spells.
Your spell library contained the following spells:

 Spells                   Type           Power      Damage    Failure   Level
 Freeze                   Ice            0%         1d3       32%         1
 Magic Dart               Conj           0%         1d3       32%         1
 Blink                    Tloc           0%         N/A       45%         2
 Call Imp                 Summ           0%         N/A       45%         2
 Frozen Ramparts          Ice            0%         1d1       69%         3
 Hailstorm                Conj/Ice       0%         3d5       69%         3
 Vhi's Electric Charge    Tloc/Air       0%         N/A       97%         4
 Arcjolt                  Conj/Air       0%         1d10      100%        5
 Plasma Beam              Fire/Air       0%         2x1d10    100%        6


Dungeon Overview and Level Annotations

Branches:
Dungeon (9/15)             Temple (1/1) D:7
   Lair: D:8-11         Orc: D:9-12

Altars:
Cheibriados
Dithmenos
Elyvilon
Fedhas
Gozag
Hepliaklqana
Kikubaaqudgha
Makhleb
Nemelex Xobeh
Qazlal
Sif Muna
Trog
Uskayaw
Vehumet
Wu Jian
Xom
Yredelemnul
Zin
The Shining One

Shops:
D:5 *   D:6 [

Annotations:
D:4 3 runed translucent doors, MysticSailboat's ghost, amateur MiMo
D:6 3 runed translucent doors, NotreDorf's ghost, novice MiSh; dialectric's ghost, novice TrSh
D:9 Joseph


Innate Abilities, Weirdness & Mutations

You are something dangerously unstable.
You glow with magical radiation, making you easy to see and hit.
Foes you strike become dangerously contaminated with magical radiation.
You are incapable of wielding weapons or throwing items.
Your life essence is reduced to manifest your ancestor. (-10% HP)
You cannot wear most types of armour.
You are amphibious.
You can wear up to eight rings at the same time.
Your skin changes colour to match your surroundings (Stealth+).
Your rubbery body absorbs attacks. (AC +1, EV +1)
((You are camouflaged when in or above water. (Stealth+)))
You have tentacles for arms and can constrict up to eight enemies at once.


Message History

Joseph shoots a sling bullet.
The sling bullet hits Lucius.
Lucius closely misses Joseph.
Joseph shoots a sling bullet.
The sling bullet hits Lucius!
Lucius barely misses Joseph.
Joseph shoots a sling bullet.
The sling bullet closely misses Lucius.
The sling bullet closely misses you.
Lucius barely misses Joseph.
Joseph shoots a sling bullet.
The sling bullet hits Lucius!!
Lucius is destroyed!
Aiming: Quicksilver Bolt
Press: ? - help, Shift-Dir - straight line, f/p - Joseph
Aim: Joseph, wielding a +0 sling and wearing a +2 leather armour of fire resistance (heavily wounded, 71% to hit)
The bolt of dispelling energy hits Joseph!
Joseph is heavily wounded.
Unknown command.
Aiming: Quicksilver Bolt
Press: ? - help, Shift-Dir - straight line, f/p - Joseph
Aim: Joseph, wielding a +0 sling and wearing a +2 leather armour of fire resistance (heavily wounded, 71% to hit)
The bolt of dispelling energy hits Joseph!
Joseph is severely wounded.
Unknown command.
Joseph says, "You must be punished!
Or...
I want to punish you!"
Joseph shoots a sling bullet.
The sling bullet hits you!
Joseph unwields a +0 sling.
Joseph wields a +2 spectral quarterstaff.
Joseph hits you with a +2 spectral quarterstaff!
* * * LOW HITPOINT WARNING * * *
The +2 spectral quarterstaff hits you!
* * * LOW HITPOINT WARNING * * *
A +2 spectral quarterstaff comes into view.
You tentacle-slap Joseph.
Joseph begins to glow.
You grab Joseph. You squeeze Joseph, but do no damage.
Joseph is severely wounded.
You constrict Joseph.
Unknown command.
You tentacle-slap Joseph.
Joseph glows dangerously bright.
Joseph is severely wounded.
You constrict Joseph.
The +2 spectral quarterstaff barely misses you.
Joseph barely misses you. The +2 spectral quarterstaff hits you!
You die...

.......#. #........
#......#.. #........
#......#.. #........
#......# ..#........
#......# .#........
#......# '........
#......# #@(......
#......#####p.......
######..............
#......#####...
#<.....# . #......#
#......# #......#
#......# #......#


You could see Joseph (heavy contam) and a +2 spectral quarterstaff.

Vanquished Creatures
  Pikel (D:6)
  A hornet (D:9)
  Sigmund (D:3)
  Eustachio (D:6)
  A steam dragon (D:8)
  2 water moccasins
  2 orc warriors (D:8)
  2 ice beasts (D:8)
  A black bear (D:6)
  4 ogres
  A centaur (D:7)
  2 lemures (D:6)
  2 kobold brigands
  2 bullfrogs
  2 scorpions (D:5)
  6 wights
  3 killer bees (D:8)
  2 howler monkeys (D:8)
  A hound (D:6)
  A bombardier beetle (D:5)
  A gnoll bouda (D:8)
  2 jellies
  A sleepcap (D:4)
  2 iguanas
  Terence (D:3)
  Natasha (thrice) (D:3)
  5 orc wizards
  13 gnolls
  8 adders
  A white imp (D:6)
  An ufetubus (D:4)
  2 dart slugs
  14 orcs
  10 endoplasms
  2 giant cockroaches (D:1)
  5 goblins
  8 hobgoblins
  6 jackals (D:1)
  6 quokkas
  2 ball pythons
  6 bats
  A frilled lizard (D:2)
  10 kobolds
  3 rats
151 creatures vanquished.

Vanquished Creatures (collateral kills)
  Maggie (D:8)
  A steam dragon (D:8)
2 creatures vanquished.

Vanquished Creatures (others)
  An ancestor (D:9)
  An orc (D:8)
2 creatures vanquished.

Grand Total: 155 creatures vanquished

Notes
Turn   | Place    | Note
-------+----------+-------------------------------------------
     0 | D:1      | bmb222 the Octopode Shapeshifter began the quest for the
                  | Orb.
     0 | D:1      | Reached XP level 1. HP: 13/13 MP: 1/1
   102 | D:1      | Reached XP level 2. HP: 11/18 MP: 2/2
   296 | D:1      | Reached XP level 3. HP: 20/23 MP: 3/3
  1828 | D:3      | Noticed Natasha
  1834 | D:3      | Killed Natasha
  1835 | D:3      | Reached XP level 4. HP: 29/29 MP: 4/4
  1844 | D:3      | Found a faded altar of an unknown god.
  1949 | D:3      | Noticed Natasha
  1956 | D:3      | Killed Natasha
  1957 | D:3      | Reached skill level 1 in Stealth
  1957 | D:3      | Reached XP level 5. HP: 23/34 MP: 5/5
  2000 | D:3      | Noticed Sigmund
  2009 | D:3      | HP: 1/34 [Sigmund/+0 scythe (12)]
  2010 | D:3      | Killed Sigmund
  2011 | D:3      | Reached skill level 4 in Shapeshifting
  2011 | D:3      | Reached XP level 6. HP: 2/41 MP: 6/6
  2034 | D:3      | Noticed Natasha
  2540 | D:3      | Noticed Terence
  2548 | D:3      | Killed Terence
  2687 | D:3      | Killed Natasha
  2985 | D:4      | Found a runed translucent gate.
  2985 | D:4      | Found a runed translucent gate.
  2986 | D:4      | Noticed MysticSailboat's ghost (amateur MiMo)
  2987 | D:4      | Found a runed translucent gate.
  3303 | D:4      | Reached XP level 7. HP: 46/46 MP: 7/7
  3635 | D:5      | Entered Level 5 of the Dungeon
  3900 | D:5      | Found a blossoming altar of Fedhas.
  3949 | D:5      | Found an opulent altar of Gozag.
  3965 | D:5      | HP: 2/44 [wight/+4 halberd (18)]
  3970 | D:4      | Reached skill level 5 in Shapeshifting
  4519 | D:5      | Found Qishryt's General Store.
  4524 | D:5      | Bought a potion of heal wounds for 60 gold pieces
  4524 | D:5      | Bought a potion of might for 48 gold pieces
  4672 | D:5      | Reached XP level 8. HP: 54/54 MP: 8/8
  4938 | D:6      | Reached skill level 5 in Unarmed Combat
  5284 | D:6      | Reached skill level 6 in Shapeshifting
  5303 | D:6      | Noticed Eustachio
  5557 | D:6      | Noticed Pikel
  5741 | D:6      | Killed Pikel
  5742 | D:6      | Reached skill level 5 in Dodging
  5742 | D:6      | Reached skill level 5 in Stealth
  5742 | D:6      | Reached XP level 9. HP: 52/59 MP: 9/9
  5745 | D:6      | Killed Eustachio
  5873 | D:6      | Found Wejios's Armour Shop.
  6413 | D:6      | Found a runed translucent gate.
  6413 | D:6      | Found a runed translucent gate.
  6413 | D:6      | Found a runed translucent gate.
  6414 | D:6      | Noticed dialectric's ghost (novice TrSh)
  6416 | D:6      | Noticed NotreDorf's ghost (novice MiSh)
  6684 | D:7      | Reached skill level 7 in Shapeshifting
  6831 | D:7      | Reached skill level 5 in Fighting
  7062 | D:7      | Found a staircase to the Ecumenical Temple.
  7463 | Temple   | Entered the Ecumenical Temple
  7497 | Temple   | Became a worshipper of Hepliaklqana the Forgotten
  7577 | D:8      | Found a burning altar of Makhleb.
  7661 | D:8      | Noticed Maggie
  8531 | D:8      | Reached skill level 8 in Shapeshifting
  8709 | D:8      | Reached XP level 10. HP: 68/68 MP: 10/10
  8710 | D:8      | Reached * piety under Hepliaklqana
  8740 | D:8      | Found a shadowy altar of Dithmenos.
  8849 | D:8      | Killed Maggie
  9777 | D:9      | Noticed Joseph
  9794 | D:9      | Slain by a +2 spectral quarterstaff

Illustrated notes

Levels and vault maps discovered:
D:1:      hellmonk_arrival_library, layout_loops_ring
D:2:      layout_basic
D:3:      layout_loops_ring, hellmonk_ecumenical_altar_blasted,
          minmay_misc_feat_doors, hex_medium, uniq_natasha, uniq_sigmund,
          uniq_terence
D:4:      layout_layer_cave, biasface_ghost_orc_armoury, amethyst_killhole,
          nrook_uturn
D:5:      layout_cave_pools, fedhas_altar_decomposition, serial_park,
          serial_park_square3 [serial_park_minivault_5x5_4], serial_park_gazebo
          [serial_park_minivault_5x5_8], serial_park_tiny_pond,
          serial_park_tiny_2, serial_park_tiny_1, serial_shops, shop,
          glass_columns_a
D:6:      layout_layer_cave, gammafunk_ghost_cemetery, serial_shops, shop,
          uniq_eustachio, uniq_pikel
D:7:      layout_basic, minmay_temple_entry_gardened_gates
D:8:      layout_loops_ring, marbit_many_paths, overflow_temple_1_default,
          serial_aquarium, aquarium_bridge_square [aquarium_subvault_wall,
          aquarium_subvault_bridge, aquarium_subvault_window,
          aquarium_subvault_bridge], aquarium_bridge_square
          [aquarium_subvault_window, aquarium_subvault_bridge,
          aquarium_subvault_bridge, aquarium_subvault_balcony],
          aquarium_window_2, aquarium_window_corridor_1, aquarium_view_2a,
          aquarium_view_2d, aquarium_balcony_3a, aquarium_pool_2, uniq_maggie
D:9:      layout_gridville, kennysheep_generic_room_12, uniq_joseph,
          uniq_maurice
Temple:   regret_index_temple_generic_petals

Skill      XL: |  1  2  3  4  5  6  7  8  9 10 |
---------------+-------------------------------+-----
Fighting       | 2 3 4 5 6 |  6.2
Stealth        | 1 2 3 4 5 6 |  6.6
Dodging        | 3 4 5 6 |  6.5
Unarmed Combat | 4 5 6 |  6.9
Shapeshifting  | 4 5 6 8 |  8.5

Action                     |  1- 3 |  4- 6 |  7- 9 | 10-12 || total
---------------------------+-------+-------+-------+-------++-------
  Melee: Unarmed           |    79 |    67 |   233 |    28 ||   407
         Constrict         |    17 |    17 |    58 |     6 ||    98
         Tentacles         |    12 |    12 |    65 |    10 ||    99
         Punch             |     2 |     3 |     8 |       ||    13
  Throw: Javelin           |       |       |     6 |       ||     6
         Boomerang         |       |       |     1 |       ||     1
 Invoke: Recall Ancestor   |       |       |       |     2 ||     2
  Evoke: Wand              |       |       |       |     7 ||     7
    Use: Scroll            |       |     5 |     8 |     1 ||    14
         Potion            |       |     4 |     6 |       ||    10
   Stab: Sleeping          |     7 |     9 |     5 |       ||    21
         Distracted        |       |       |       |     1 ||     1
 Armour: Skin              |    42 |    22 |   102 |    18 ||   184
  Dodge: Dodged            |    41 |    22 |   180 |    24 ||   267
   Form: Flux              |       |       |     1 |       ||     1

Table legend: (Time is in decaauts)
 A = Elapsed time spent in this place.
 B = Non-inter-level travel time spent in this place.
 C = Inter-level travel time spent in this place.
 D = Time resting spent in this place.
 E = Time spent auto-exploring this place.
 F = Levels seen in this place.
 G = Mean time per level.
                   A        B        C        D        E       F      G
               +--------+--------+--------+--------+--------+-----+--------+
         Total |   9770 |   9091 |    679 |   2166 |   5399 |  10 |  977.0 |
       Dungeon |   9707 |   9081 |    626 |   2166 |   5399 |   9 | 1078.6 |
        Temple |     62 |      9 |     53 |      0 |      0 |   1 |   62.0 |
               +--------+--------+--------+--------+--------+-----+--------+

Top non-repeatable levels by time:
     D:8: 1806 daAuts
     D:6: 1758 daAuts
     D:4: 1263 daAuts
     D:7: 1121 daAuts
     D:1: 1033 daAuts
     D:5: 934 daAuts
     D:2: 931 daAuts
     D:3: 746 daAuts
     D:9: 112 daAuts
  Temple: 62 daAuts
